 Dungeon Crawl Stone Soup version 0.27-a0-1177-g245c70e1c0 (webtiles) character file.

Game seed: 287436721832112535

125308 Armakuni the Arsonist (level 17, -4/117 HPs)
             Began as a Human Fire Elementalist on May 14, 2021.
             Was a High Priest of Vehumet.
             Slain by a black mamba (10 damage)
             ... on level 1 of the Snake Pit on May 16, 2021.
             The game lasted 01:51:38 (32153 turns).

Armakuni the Arsonist (Human Fire Elementalist)    Turns: 32153, Time: 01:51:39

Health: -4/117     AC: 31    Str: 17    XL:     17   Next: 50%
Magic:  10/33      EV: 10    Int: 23    God:    Vehumet [*****.]
Gold:   273        SH:  8    Dex: 19    Spells: 2/41 levels left

rFire    . . .     SeeInvis .   a - staff of fire
rCold    + + .     Faith    .   x - +2 buckler
rNeg     . . .     Spirit   .   i - +9 ice dragon scales
rPois    +         Reflect  .   V - +1 helmet of Perfidy {+Inv Int+2 Dex+4}
rElec    .         Harm     .   G - +0 cloak
rCorr    +         Rampage  .   Q - +0 pair of gloves
Will     +....                  z - +3 pair of boots of Polish {rCorr Str+2}
Stlth    +.........             R - amulet "Uracerr" {Fly Regen+}
HPRegen  1.29/turn              I - +6 ring of intelligence
MPRegen  0.23/turn              P - ring of poison resistance

@: lethally poisoned (-4 -> -15), flying
A: no striking features
a: Renounce Religion, Evoke Invisibility


You were on level 1 of the Snake Pit.
You worshipped Vehumet.
Vehumet was extremely pleased with you.
You visited 5 branches of the dungeon, and saw 25 of its levels.

You collected 3909 gold pieces.
You spent 3636 gold pieces at shops.

Inventory:

Missiles
 n - 8 curare-tipped darts
 Y - 2 throwing nets
Armour
 i - +9 ice dragon scales (worn)
 x - a +2 buckler (worn)
 z - the +3 pair of boots of Polish (worn) {rCorr Str+2}
   (You found it on level 8 of the Dungeon)

   It affects your strength (+2).
   It protects you from acid and corrosion.
 G - a +0 cloak (worn)
 Q - a +0 pair of gloves (worn)
 V - the +1 helmet of Perfidy (worn) {+Inv Int+2 Dex+4}
   (You bought it in a shop on level 6 of the Dungeon)

   It affects your intelligence (+2).
   It affects your dexterity (+4).
   It lets you turn invisible.
Magical Staves
 a - a staff of fire (weapon)
 b - a staff of conjuration
 c - a staff of cold
 e - a staff of air
Jewellery
 A - a +6 ring of intelligence
 F - a ring of fire
 I - a +6 ring of intelligence (left hand)
 N - a ring of see invisible
 P - a ring of poison resistance (right hand)
 R - the amulet "Uracerr" (around neck) {Fly Regen+}
   (You bought it in a shop on level 4 of the Dungeon)

   [amulet of regeneration]

   It grants you flight.
   It increases your rate of health regeneration.
Wands
 f - a wand of flame (57)
 j - a wand of iceblast (24)
 k - a wand of digging (4)
 m - a wand of mindburst (30)
 p - a wand of polymorph (17)
 r - a wand of paralysis (6)
 X - a wand of charming (11)
Scrolls
 g - 2 scrolls of fear
 q - 6 scrolls of immolation
 s - 4 scrolls of enchant weapon
 t - 3 scrolls of magic mapping
 C - 3 scrolls of brand weapon
 E - 2 scrolls of holy word
 H - a scroll of summoning
 K - 2 scrolls of blinking
 M - a scroll of noise
 S - 2 scrolls of vulnerability
 T - 11 scrolls of identify
 U - 11 scrolls of teleportation
 W - a scroll of fog
Potions
 h - a potion of resistance
 l - 5 potions of heal wounds
 o - 2 potions of might
 u - 2 potions of attraction
 w - 3 potions of lignification
 y - 4 potions of cancellation
 B - 4 potions of haste
 D - 2 potions of mutation
 L - 6 potions of curing
Miscellaneous
 d - a phantom mirror (inert)
 v - a condenser vane


   Skills:
 - Level 6.1 Fighting
 - Level 11.1 Staves
 - Level 10.0 Armour
 - Level 2.0 Dodging
 - Level 2.0 Stealth
 - Level 4.0 Shields
 + Level 12.7 Spellcasting
 - Level 10.0 Conjurations
 + Level 13.2 Fire Magic
 - Level 10.0 Earth Magic
 - Level 10.0 Evocations


You had 2 spell levels left.
You knew the following spells:

 Your Spells              Type           Power      Damage    Failure   Level
a - Animate Armour        Summ/Erth      74%        N/A       19%         4
f - Fireball              Conj/Fire      40%        3d16      1%          5
i - Inner Flame           Hex/Fire       61%        N/A       1%          3
m - Bolt of Magma         Conj/Fire/Erth 39%        4d17      1%          5
s - Sticky Flame          Conj/Fire      80%        2d9       1%          4
z - Iron Shot             Conj/Erth      28%        9d6       10%         6
F - Ignition              Fire           42%        3d12      67%         8
M - Iskenderun's Mystic   Conj/Tloc      37%        2d9       5%          4

Your spell library contained the following spells:

 Spells                   Type           Power      Damage    Failure   Level
 Conjure Ball Lightning   Conj/Air       18%        3x3d6     54%         6
 Foxfire                  Conj/Fire      100%       2x1d9     1%          1
 Sandblast                Erth           100%       2d20      1%          1
 Shock                    Conj/Air       100%       1d9       1%          1
 Static Discharge         Conj/Air       37%        N/A       1%          2
 Passwall                 Tmut/Erth      30%        N/A       2%          2
 Animate Skeleton         Necr           28%        N/A       14%         1
 Pain                     Necr           56%        1d6       14%         1
 Corpse Rot               Necr/Air       N/A        N/A       22%         2
 Sublimation of Blood     Necr           7%         N/A       22%         2
 Conjure Flame            Conj/Fire      80%        6-21      1%          3
 Ignite Poison            Fire/Tmut/Pois 51%        N/A       1%          3
 Stone Arrow              Conj/Erth      100%       3d13      1%          3
 Iskenderun's Battlesphe  Conj           57%        2d11      1%          5
 Lee's Rapid Deconstruct  Erth           28%        3d16*     1%          5
 Starburst                Conj/Fire      40%        8x6d11    5%          6
 Irradiate                Conj/Tmut      18%        3d20      13%         5
 Lightning Bolt           Conj/Air       18%        1d33      13%         5
 Leda's Liquefaction      Hex/Erth       18%        N/A       19%         4
 Petrify                  Tmut/Erth      37%        N/A       19%         4
 Airstrike                Air            7%         N/A       32%         4
 Confusing Touch          Hex            14%        N/A       38%         3
 Gell's Gravitas          Tloc           7%         N/A       38%         3
 Swiftness                Air            14%        N/A       38%         3
 Vampiric Draining        Necr           7%         2d7       38%         3
 Orb of Destruction       Conj           28%        9d11      41%         7
 Yara's Violent Unravell  Hex/Tmut       7%         3d5       65%         5
 Freezing Cloud           Conj/Ice/Air   15%        6-21      77%         6
 Animate Dead             Necr           7%         N/A       80%         4
 Dispel Undead            Necr           14%        3d10      80%         4
 Ice Form                 Ice/Tmut       14%        N/A       80%         4
 Summon Ice Beast         Ice/Summ       14%        N/A       80%         4
 Statue Form              Tmut/Erth      24%        N/A       95%         6
 Spellforged Servitor     Conj/Summ      18%        N/A       97%         7
 Agony                    Necr           14%        N/A       98%         5
 Excruciating Wounds      Necr           7%         N/A       98%         5
 Metabolic Englaciation   Hex/Ice        7%         N/A       98%         5
 Blade Hands              Tmut           7%         N/A       100%        6
 Simulacrum               Ice/Necr       7%         N/A       100%        6
 Dragon Form              Tmut           7%         N/A       100%        7
 Ozocubu's Refrigeration  Ice            7%         4d6       100%        7
 Shatter                  Erth           28%        3d24*     100%        9


Dungeon Overview and Level Annotations

Branches:
Dungeon (15/15)            Temple (1/1) D:7            Lair (6/6) D:10
 Shoals (0/4) Lair:2        Snake (1/4) Lair:4        Slime (0/5) Lair:5
    Orc (2/2) D:12            Elf (0/3) Orc:2        Vaults (0/5) D:14
 Depths (0/5) D:15

Altars:
Ashenzari
Cheibriados
Dithmenos
Elyvilon
Fedhas
Gozag
Hepliaklqana
Kikubaaqudgha
Makhleb
Nemelex Xobeh
Okawaru
Qazlal
Ru
Sif Muna
Trog
Uskayaw
Vehumet
Wu Jian
Xom
Yredelemnul
Zin
The Shining One
Beogh
Lugonu

Shops:
D:1 [   D:4 =*   D:6 [   D:12 (   Orc:1 :(   Orc:2 *!:(

Annotations:
D:2 Terence


Message History

Isiufara's ghost hits you but does no damage.
You completely miss Isiufara's ghost.
Isiufara's ghost is almost destroyed.
You closely miss Isiufara's ghost.
Isiufara's ghost is almost destroyed.
Isiufara's ghost hits you but does no damage.
You completely miss Isiufara's ghost.
Isiufara's ghost is almost destroyed.
Isiufara's ghost hits you but does no damage.
You miss Isiufara's ghost.
Isiufara's ghost is almost destroyed.
You hit Isiufara's ghost. You burn Isiufara's ghost!
You destroy Isiufara's ghost!
Vehumet accepts your kill.
You feel your power returning.
Your magical contamination has completely faded away.
A black mamba comes into view.
The black mamba closely misses you.
There is a staircase back to the Lair, spattered with blood here.
You see here a black mamba skeleton.
A black mamba is nearby!
Casting: Iron Shot (dangerous; 10% risk of failure)
Confirm with . or Enter, or press ? or * to list all spells.
Aiming: Sticky Flame (safe; 1% risk of failure)
Press: ? - help, Shift-Dir - straight line, f - black mamba
Aim: a black mamba (100% to hit)
You feel a surge of power!
The sticky flame hits the black mamba!
The black mamba is moderately wounded.
The black mamba is covered in liquid flames!
The black mamba burns!
You block the black mamba's attack. The black mamba bites you!
* * * LOW HITPOINT WARNING * * *
You are lethally poisoned!
The black mamba poisons you!
You hit the black mamba. You burn the black mamba!
The black mamba is severely wounded.
* * * LOW HITPOINT WARNING * * *
You feel very sick. The black mamba bites you!
You die...

..........#
(.........##
..........#
.........##
#[..)..###
##.......##
##.......###
##S†......##
###.@.......##
..###............##
..........[........##
............)[......#
...####''####(.......
.. #...≈.).#........
. #..⌠.#≈≈##........
#≈#≈$...##........
##..=≈≈#.#........


You could see a black mamba (burning).

Vanquished Creatures
  Nikola (Snake:1)
  The ghost of Isiufara the Spry, an adept OpFi of Gozag (Snake:1)
  A frost giant (D:15)
  Aizul (Snake:1)
  Josephine (Orc:2)
  11 hydras
  Harold (Orc:1)
  8 vault guards (D:14)
  5 boulder beetles
  4 ogre magi
  3 centaur warriors
  A death knight (D:12)
  Erica (D:11)
  The ghost of emiel the Spear-Bearer, a novice MiBe of Trog (D:9)
  16 two-headed ogres
  A catoblepas (Lair:5)
  An orc high priest (Orc:1)
  3 naga sharpshooters (Snake:1)
  3 tengu warriors
  Nergalle (D:11)
  2 skeletal warriors
  2 deep trolls (Orc:2)
  3 orc knights (Orc:1)
  A lindwurm (Lair:2)
  4 deep elf pyromancers
  4 oklob plants
  Pikel (D:4)
  2 wolf spiders (Lair:1)
  2 orc sorcerers
  A moth of wrath (D:9)
  10 ugly things
  2 manticores
  10 elephants
  4 cyclopes
  5 centaur zombies (D:10)
  Maurice (D:11)
  6 black mambas
  32 cane toads
  A torpor snail (Lair:6)
  A naga mage (Snake:1)
  3 gargoyles
  An unseen horror (D:12)
  5 kobold demonologists
  2 rime drakes
  11 komodo dragons
  2 freezing wraiths
  3 tengu conjurers
  A yaktaur (D:15)
  5 tyrant leeches (Lair:6)
  20 trolls
  3 hornets
  2 slime creatures (D:13)
  19 blink frogs
  A meliai zombie (D:10)
  10 dream sheep
  2 centaur simulacra (D:15)
  A tarantella (shapeshifter) (D:10)
  2 shadows
  58 yaks
  10 wraiths
  A wyvern (shapeshifter) (D:14)
  2 wyverns
  7 basilisks
  7 vampire mosquitoes
  A steam dragon (D:10)
  5 acid dragons
  2 wargs
  Edmund (D:6)
  2 nagas
  A floating eye (D:13)
  16 water moccasins
  28 orc warriors
  2 sky beasts
  2 black bears (D:6)
  2 ice beasts
  22 ogres
  15 centaurs
  5 boggarts (D:14)
  2 necrophages
  15 wolves
  2 lemures (D:4)
  A phantom (D:6)
  2 kobold brigands
  21 bullfrogs
  2 wyvern zombies
  4 scorpions
  8 wights (D:7)
  7 howler monkeys
  2 electric eels (Lair:2)
  A lava snake (D:11)
  A bullfrog zombie (D:6)
  3 jellies (D:6)
  2 hounds (D:5)
  14 orc priests
  A bullfrog skeleton (D:6)
  A gnoll shaman (D:5)
  2 iguanas (D:5)
  A centaur skeleton (D:4)
  9 orc wizards
  Robin (D:4)
  8 gnolls
  22 adders
  3 white imps (D:6)
  2 ufetubi
  4 worms
  A dart slug (D:3)
  91 orcs
  4 bats
  7 endoplasms
  4 giant cockroaches
  22 goblins
  6 hobgoblins
  8 kobolds
  2 quokkas (D:2)
  10 ball pythons
  7 frilled lizards
  3 rats
  5 bushes (D:13)
752 creatures vanquished.

Vanquished Creatures (collateral kills)
  A blink frog (Lair:5)
1 creature vanquished.

Vanquished Creatures (others)
  487 foxfires
  58 fungi
  154 plants
699 creatures vanquished.

Grand Total: 1452 creatures vanquished

Notes
Turn   | Place    | Note
-------+----------+-------------------------------------------
     0 | D:1      | Armakuni the Human Fire Elementalist began the quest for
                  | the Orb.
     0 | D:1      | Reached XP level 1. HP: 13/13 MP: 3/3
   279 | D:1      | Reached XP level 2. HP: 19/19 MP: 3/5
   520 | D:1      | Found Jeygg's Armour Shoppe.
   591 | D:1      | Reached XP level 3. HP: 24/24 MP: 3/6
  1022 | D:2      | Learned a level 3 spell: Conjure Flame
  1204 | D:2      | Reached XP level 4. HP: 30/30 MP: 5/8
  1233 | D:2      | Learned a level 4 spell: Sticky Flame
  1888 | D:2      | Noticed Terence
  2206 | D:3      | Found a glowing silver altar of Zin.
  2407 | D:2      | Reached XP level 5. HP: 32/35 MP: 9/9
  3220 | D:3      | Found a shimmering altar of Xom.
  3329 | D:4      | Found a radiant altar of Vehumet.
  3987 | D:4      | Reached XP level 6. HP: 37/41 MP: 11/11
  4213 | D:4      | Found Viecs's Jewellery Shoppe.
  4337 | D:4      | Found an opulent altar of Gozag.
  4337 | D:4      | Found a sparkling altar of Nemelex Xobeh.
  4389 | D:4      | Identified a scroll of acquirement
  4389 | D:4      | Acquired a staff of fire
  4440 | D:4      | Found Vehos's General Store.
  4441 | D:4      | Noticed Robin
  4673 | D:4      | Killed Robin
  4807 | D:5      | Entered Level 5 of the Dungeon
  4858 | D:5      | Reached skill level 4 in Fire Magic
  4900 | D:5      | Noticed Pikel
  5077 | D:4      | Killed Pikel
  5078 | D:4      | Reached skill level 5 in Conjurations
  5078 | D:4      | Reached skill level 5 in Fire Magic
  5078 | D:4      | Reached XP level 7. HP: 31/46 MP: 5/14
  5203 | D:5      | Reached skill level 5 in Spellcasting
  5203 | D:5      | Reached XP level 8. HP: 16/52 MP: 9/15
  5600 | D:5      | Found a shimmering blue altar of Sif Muna.
  6114 | D:5      | Learned a level 5 spell: Fireball
  6184 | D:5      | Upgraded the game from 0.27-a0-1154-gfdeffcb720 to
                  | 0.27-a0-1158-gaa87e14f67
  6451 | D:6      | Noticed a yak
  6451 | D:6      | Noticed a yak
  6451 | D:6      | Noticed a yak
  6451 | D:6      | Noticed a yak
  6451 | D:6      | Noticed a yak
  6462 | D:5      | Killed a yak
  6563 | D:6      | Killed a yak
  6564 | D:6      | Reached skill level 6 in Fire Magic
  6570 | D:6      | Killed a yak
  6571 | D:6      | Reached XP level 9. HP: 41/57 MP: 2/18
  6928 | D:6      | Found a transporter.
  6932 | D:6      | Noticed a kobold demonologist
  6934 | D:6      | Found a transporter.
  6934 | D:6      | Noticed a two-headed ogre
  6934 | D:6      | Noticed a cyclops
  6935 | D:6      | Noticed a boulder beetle
  6941 | D:6      | Found a white marble altar of Elyvilon.
  6941 | D:6      | Found a sacrificial altar of Ru.
  6941 | D:6      | Found a bloodstained altar of Trog.
  7020 | D:6      | Noticed Edmund
  7059 | D:6      | Killed Edmund
  7217 | D:6      | Found Kipazoeh's Armour Emporium.
  7220 | D:6      | Reached skill level 7 in Fire Magic
  7573 | D:6      | Found a broken altar of Ashenzari.
  7586 | D:6      | Reached skill level 8 in Fire Magic
  7592 | D:6      | HP: 2/57 [white imp/puff of frost (7)]
  8077 | D:6      | Reached XP level 10. HP: 63/63 MP: 9/20
  8555 | D:4      | Bought the amulet "Uracerr" {Fly Regen+} for 391 gold
                  | pieces
  9798 | D:7      | Found a staircase to the Ecumenical Temple.
  9803 | Temple   | Entered the Ecumenical Temple
  9970 | D:7      | Reached skill level 9 in Fire Magic
 11180 | D:8      | Found an ornate altar of the Wu Jian Council.
 11483 | D:8      | Identified the +3 pair of boots of Polish {rCorr Str+2}
 11719 | D:4      | Became a worshipper of Vehumet
 12206 | D:9      | Found a stormy altar of Qazlal.
 12322 | D:9      | Reached skill level 10 in Conjurations
 12407 | D:9      | Noticed a tengu warrior
 12411 | D:9      | Found a bloodstained altar of Trog.
 12411 | D:9      | Noticed emiel's ghost (novice MiBe)
 12419 | D:9      | Found a transporter.
 12447 | D:9      | Reached skill level 1 in Evocations
 12447 | D:9      | Reached XP level 11. HP: 68/68 MP: 1/21
 12568 | D:9      | Found a transporter.
 12573 | D:9      | Noticed a moth of wrath
 12634 | D:9      | Noticed a two-headed ogre
 12772 | D:10     | Entered Level 10 of the Dungeon
 12793 | D:10     | Reached skill level 10 in Fire Magic
 12893 | D:10     | Noticed an oklob plant
 12894 | D:10     | Found a staircase to the Lair.
 12910 | D:10     | Killed an oklob plant
 13101 | D:10     | Noticed a centaur warrior
 13107 | D:10     | Killed a centaur warrior
 13322 | D:10     | Noticed a deep elf pyromancer
 13325 | D:10     | Killed a deep elf pyromancer
 13395 | D:10     | Found a blossoming altar of Fedhas.
 13397 | D:10     | Found a basalt altar of Yredelemnul.
 13399 | D:10     | Found a hide-covered altar of Uskayaw.
 13399 | D:10     | Found a broken altar of Ashenzari.
 13423 | D:10     | Noticed a skeletal warrior
 13425 | D:10     | Noticed a salamander
 13425 | D:10     | Noticed an ogre mage
 13425 | D:10     | Noticed a skeletal warrior
 13427 | D:10     | Noticed a deep elf pyromancer
 13438 | D:10     | Killed a skeletal warrior
 13438 | D:10     | Reached * piety under Vehumet
 13438 | D:10     | Offered knowledge of Freeze by Vehumet.
 13439 | D:10     | a salamander changed into a tarantella
 13507 | D:9      | Killed a skeletal warrior
 13608 | D:10     | Killed an ogre mage
 13609 | D:10     | Reached XP level 12. HP: 74/74 MP: 6/22
 13711 | D:10     | Noticed a two-headed ogre
 13728 | D:10     | Killed a two-headed ogre
 13729 | D:10     | Reached skill level 10 in Evocations
 13729 | D:10     | Reached skill level 1 in Staves
 13890 | D:10     | Noticed an ogre mage
 13894 | D:10     | Killed an ogre mage
 14206 | D:10     | Noticed a two-headed ogre
 14214 | D:10     | Killed a two-headed ogre
 14308 | D:10     | Reached skill level 5 in Staves
 14339 | D:10     | Found the +3 giant club "Skullcrusher" {speed, Str+7}
 14345 | D:10     | Identified the +2 ring mail of Grottiness {-Tele rF+ Dex+4}
 14550 | Lair:1   | Entered Level 1 of the Lair of Beasts
 14563 | Lair:1   | Offered knowledge of Searing Ray by Vehumet.
 14563 | Lair:1   | Reached ** piety under Vehumet
 15042 | Lair:1   | Identified the +1 robe "Kugguylo" {Will+}
 15053 | Lair:1   | Offered knowledge of Frozen Ramparts by Vehumet.
 15470 | Lair:1   | Reached XP level 13. HP: 77/79 MP: 14/26
 15809 | Lair:2   | Noticed a boulder beetle
 15816 | Lair:2   | Reached *** piety under Vehumet
 15816 | Lair:2   | Killed a boulder beetle
 15817 | Lair:2   | Reached skill level 10 in Spellcasting
 16264 | Lair:2   | Offered knowledge of Fulminant Prism by Vehumet.
 16281 | Lair:2   | Reached skill level 1 in Fighting
 16736 | Lair:2   | Noticed a four-headed hydra
 17011 | Lair:2   | Found a staircase to the Shoals.
 17191 | Lair:2   | Killed a four-headed hydra
 17192 | Lair:2   | Reached skill level 10 in Staves
 17397 | Lair:3   | Noticed a five-headed hydra
 17402 | Lair:3   | Killed a five-headed hydra
 17498 | Lair:3   | Reached **** piety under Vehumet
 17501 | Lair:3   | Offered knowledge of Ignite Poison by Vehumet.
 17611 | Lair:3   | Learned a level 3 spell: Inner Flame
 18231 | Lair:3   | Reached XP level 14. HP: 92/96 MP: 13/28
 18568 | Lair:4   | Reached skill level 5 in Fighting
 18860 | Lair:4   | Identified the +2 robe of Edusmyuh {rElec}
 19213 | Lair:4   | Learned a level 6 spell: Iron Shot
 19248 | Lair:4   | Found a staircase to the Snake Pit.
 19264 | Lair:4   | Reached skill level 1 in Armour
 20022 | Lair:5   | Reached skill level 5 in Armour
 20447 | Lair:5   | Reached skill level 1 in Earth Magic
 20498 | Lair:5   | Found a staircase to the Slime Pits.
 20719 | Lair:6   | Entered Level 6 of the Lair of Beasts
 20723 | Lair:6   | Reached ***** piety under Vehumet
 20724 | Lair:6   | Offered knowledge of Starburst by Vehumet.
 21118 | Lair:6   | Reached skill level 5 in Earth Magic
 21296 | Lair:6   | Reached XP level 15. HP: 68/105 MP: 3/29
 21904 | Lair:6   | Acquired 1056 gold pieces
 22199 | Lair:6   | Offered knowledge of Iskenderun's Mystic Blast by Vehumet.
 22209 | Lair:6   | Learned a level 4 spell: Iskenderun's Mystic Blast
 22498 | Lair:6   | Learned a level 5 spell: Bolt of Magma
 23049 | D:1      | Bought +2 ice dragon scales for 1008 gold pieces
 23156 | D:4      | Bought a scroll of amnesia for 35 gold pieces
 23156 | D:4      | Bought a scroll of vulnerability for 75 gold pieces
 23366 | D:6      | Reached skill level 10 in Earth Magic
 23600 | D:9      | Killed emiel's ghost
 23957 | D:6      | Bought the +1 helmet of Perfidy {+Inv Int+2 Dex+4} for 505
                  | gold pieces
 23971 | D:6      | Bought a +2 pair of boots of flying for 301 gold pieces
 24157 | D:11     | Noticed Erica
 24168 | D:11     | Killed Erica
 24234 | D:11     | Noticed Maurice
 24250 | D:11     | Killed Maurice
 24638 | D:11     | Reached skill level 1 in Shields
 24759 | D:11     | Noticed Nergalle
 24766 | D:11     | Killed Nergalle
 25376 | D:12     | Found a staircase to the Orcish Mines.
 26435 | D:12     | Found Hitiupn's Weapon Boutique.
 26823 | D:13     | Reached XP level 16. HP: 111/111 MP: 7/30
 27512 | D:13     | Reached skill level 10 in Armour
 28025 | D:14     | Offered knowledge of Eringya's Noxious Bog by Vehumet.
 28175 | D:14     | Found a sacrificial altar of Ru.
 28493 | D:14     | Found a gate to the Vaults.
 28516 | D:14     | Reached skill level 11 in Fire Magic
 29085 | D:15     | Entered Level 15 of the Dungeon
 29760 | D:15     | Found a shadowy altar of Dithmenos.
 29802 | D:15     | Noticed a frost giant
 29818 | D:15     | Killed a frost giant
 29904 | D:15     | Found a staircase to the Depths.
 30065 | Orc:1    | Entered Level 1 of the Orcish Mines
 30065 | Orc:1    | Noticed Harold
 30073 | Orc:1    | Killed Harold
 30172 | Orc:1    | You are sucked into a shaft and drop 1 floor!
 30172 | Orc:2    | Entered Level 2 of the Orcish Mines
 30172 | Orc:2    | Found a staircase to the Elven Halls.
 30287 | Orc:2    | Reached skill level 12 in Fire Magic
 30311 | Orc:2    | Reached XP level 17. HP: 116/117 MP: 29/32
 30467 | Orc:2    | Found Ten Rukuome's Book Shop.
 30468 | Orc:2    | Found Ivaonah's Assorted Antiques.
 30496 | Orc:2    | Found Iguext's Antique Weapon Emporium.
 30547 | Orc:2    | Found Feps's Distillery.
 30551 | Orc:2    | Bought an iridescent morningstar for 216 gold pieces
 30551 | Orc:2    | Identified the +8 morningstar of Hazaic {flame, rN+ Will+
                  | Dex+3} (You bought it in a shop on level 2 of the Orcish
                  | Mines)
 30665 | Orc:2    | Noticed Josephine
 30677 | Orc:2    | Reached ****** piety under Vehumet
 30677 | Orc:2    | Offered knowledge of Conjure Ball Lightning by Vehumet.
 30684 | Orc:2    | Killed Josephine
 31224 | Orc:1    | Found Poacuv's Antique Weapon Boutique.
 31545 | Orc:1    | Found Kosaat's Book Shop.
 31605 | Orc:1    | Bought a book of the Earth for 1105 gold pieces
 31611 | Orc:1    | Learned a level 4 spell: Animate Armour
 31617 | Orc:1    | Upgraded the game from 0.27-a0-1158-gaa87e14f67 to
                  | 0.27-a0-1177-g245c70e1c0
 31663 | Orc:1    | Learned a level 8 spell: Ignition
 31845 | Snake:1  | Entered Level 1 of the Snake Pit
 31845 | Snake:1  | Found a large runed translucent door.
 31845 | Snake:1  | Found a large runed translucent door.
 31846 | Snake:1  | Noticed Isiufara's ghost (adept OpFi)
 31915 | Snake:1  | Noticed Aizul
 31984 | Snake:1  | Noticed Nikola
 31991 | Snake:1  | Killed Aizul
 31992 | Snake:1  | Reached skill level 13 in Fire Magic
 32076 | Snake:1  | Killed Nikola
 32147 | Snake:1  | Killed Isiufara's ghost
 32153 | Snake:1  | Slain by a black mamba

Illustrated notes

Levels and vault maps discovered:
D:1:      sevenhm_arrival_forest_fort_large_2, layout_basic, serial_shops,
          nicolae_shop_crystal
D:2:      minmay_general_purpose_star, layout_loops_cross, serial_rivers,
          chequers_serial_rivers_micro_e, chequers_serial_rivers_small_b,
          chequers_serial_rivers_large_b, chequers_serial_rivers_micro_d,
          uniq_terence
D:3:      layout_loops_ring, lemuel_coloured_pillars_altar, lemuel_tele_altar
D:4:      layout_loops_cross, grunt_temple_overflow_opulence,
          lemuel_crystal_altar, serial_shops,
          nicolae_shop_competitors_out_of_business, nicolae_shop_waterfront,
          feat_on_display, uniq_robin
D:5:      layout_gridville, nicolae_sif_muna_condensation, uniq_pikel
D:6:      wander_river, layout_cave_pods, gammafunk_temple_overflow_arena,
          serial_shops, nicolae_shop_trees, minmay_ruined_shrine, uniq_edmund
D:7:      layout_basic, minmay_temple_entry_overgrown, minmay_misc_feat_columns
D:8:      layout_loops_corners, pdpol_wu_jian_five_deadly_venoms, special_room
          [special_room_orc]
D:9:      layout_long_grid, grunt_qazlal_clouds,
          gammafunk_ghost_wrathful_warriors
D:10:     minmay_the_grid_4x2 [minmay_the_grid_minigrid_large,
          minmay_the_grid_minigrid_medium, minmay_the_grid_rooms,
          minmay_the_grid_empty, minmay_the_grid_doors,
          minmay_the_grid_stretched_grid, minmay_the_grid_tiny_cups,
          minmay_the_grid_prize_trominoes], layout_rooms,
          chequers_temple_overflow_statue_of_worship, dpeg_oklobed_lair
D:11:     layout_small_grid, kennysheep_opposing_triangles, uniq_nergalle,
          uniq_maurice, uniq_erica
D:12:     layout_loops_corners, david_orc_1_choice, serial_shops, shop,
          chequers_arboretum, kennysheep_dice
D:13:     layout_basic, disabler_island
D:14:     layout_basic, erik_vaults_2, lemuel_crystal_altar, minivault_10
D:15:     grunt_enter_depths_snipers, layout_basic, grunt_dithmenos_shadows
Temple:   corrupted_temple
Lair:1:   minmay_lair_venomous_thicket, layout_regular_city
Lair:2:   nzn_winding_woodlands_small [nzn_winding_woodlands_5x15_pool,
          nzn_winding_woodlands_center_pierced_h,
          nzn_winding_woodlands_5x15_cabin], layout_cellular_growth,
          elwin_shoals_entry_rocks, serial_bayou_shore_a, lemuel_fruit_tree,
          lemuel_fruit_fields
Lair:3:   layout_hall_layers, beast_lair_carwin_11, infiniplex_staircase_pool,
          grunt_megastairs_2
Lair:4:   layout_regular_city, guppyfry_snake_entry_island, serial_bayou_shore_b
Lair:5:   layout_gridlike, slime_dummy
Lair:6:   minmay_lair_end_frog_pond, layout_cellular_growth
Snake:1:  layout_onion, ebering_ghost_disaster_area, uniq_nikola, uniq_aizul
Orc:1:    layout_diamond_mine, serial_shops, shop, shop, rock_pile, uniq_harold
Orc:2:    st_orc_open, layout_caves, uniq_josephine

Skill      XL: |  1  2  3  4  5  6  7  8  9 10 11 12 13 14 15 16 17 |
---------------+----------------------------------------------------+-----
Conjurations   | 2 3 5 6 7 10 | 10.0
Spellcasting   | 3 4 5 6 7 9 10 11 12 | 12.7
Fire Magic     | 5 6 8 9 10 12 13 | 13.2
Evocations     | 1 9 10 | 10.0
Staves         | 6 10 11 | 11.1
Fighting       | 4 6 |  6.1
Armour         | 6 9 10 | 10.0
Earth Magic    | 7 10 | 10.0
Shields        | 4 |  4.0
Dodging        | |  2.0
Stealth        | |  2.0

Action                   |  1- 3 |  4- 6 |  7- 9 | 10-12 | 13-15 | 16-18 || total
-------------------------+-------+-------+-------+-------+-------+-------++-------
Melee: Dagger            |    20 |    15 |       |       |       |       ||    35
       Morningstar       |       |    29 |       |       |       |       ||    29
       Flail             |       |    14 |       |       |       |       ||    14
       Staff             |       |    10 |    37 |   202 |   384 |   387 ||  1020
 Cast: Foxfire           |    33 |    95 |    62 |    87 |       |       ||   277
       Sticky Flame      |       |     3 |    23 |    77 |   118 |    36 ||   257
       Conjure Flame     |       |       |     3 |     6 |     3 |       ||    12
       Fireball          |       |       |       |    34 |   143 |    57 ||   234
       Inner Flame       |       |       |       |       |     7 |     9 ||    16
       Iron Shot         |       |       |       |       |    19 |    14 ||    33
       Iskenderun's Myst |       |       |       |       |     3 |     2 ||     5
       Bolt of Magma     |       |       |       |       |       |    19 ||    19
       Animate Armour    |       |       |       |       |       |     1 ||     1
Evoke: Wand              |       |       |    12 |     9 |    27 |    26 ||    74
       Phantom mirror    |       |       |       |       |     1 |     1 ||     2
       Condenser vane    |       |       |       |       |     1 |       ||     1
  Use: Potion            |       |     4 |     1 |     1 |       |     3 ||     9
       Scroll            |       |    11 |       |     5 |    15 |     3 ||    34
 Stab: Sleeping          |       |     2 |       |       |     2 |       ||     4
Armor: Leather armour    |     9 |    32 |       |       |       |       ||    41
       Robe              |       |     8 |    22 |    36 |       |       ||    66
       Acid dragon scale |       |       |       |   145 |   187 |       ||   332
       Ice dragon scales |       |       |       |       |     1 |   191 ||   192
Dodge: Dodged            |    14 |    81 |    55 |   217 |   230 |   116 ||   713
Block: Buckler           |       |       |       |       |    12 |   134 ||   146

Table legend: (Time is in decaauts)
 A = Elapsed time spent in this place.
 B = Non-inter-level travel time spent in this place.
 C = Inter-level travel time spent in this place.
 D = Time resting spent in this place.
 E = Time spent auto-exploring this place.
 F = Levels seen in this place.
 G = Mean time per level.
                   A        B        C        D        E       F      G
               +--------+--------+--------+--------+--------+-----+--------+
         Total |  32048 |  29755 |   2293 |   8571 |  15280 |  25 | 1281.9 |
       Dungeon |  21843 |  19848 |   1995 |   6022 |  10019 |  15 | 1456.2 |
        Temple |     59 |     59 |      0 |      0 |     35 |   1 |   59.0 |
          Lair |   8447 |   8179 |    268 |   2371 |   4371 |   6 | 1407.8 |
     Snake Pit |    172 |    172 |      0 |     63 |      7 |   1 |  172.0 |
  Orcish Mines |   1525 |   1496 |     29 |    115 |    848 |   2 |  762.5 |
               +--------+--------+--------+--------+--------+-----+--------+

Top non-repeatable levels by time:
     D:6: 2307 daAuts
     D:4: 2141 daAuts
  Lair:6: 1877 daAuts
    D:10: 1860 daAuts
     D:5: 1753 daAuts
  Lair:2: 1727 daAuts
     D:8: 1624 daAuts
    D:12: 1526 daAuts
     D:7: 1466 daAuts
     D:2: 1460 daAuts
  Lair:4: 1455 daAuts
    D:13: 1449 daAuts
  Lair:3: 1289 daAuts
     D:9: 1213 daAuts
    D:14: 1141 daAuts
